 Dungeon Crawl Stone Soup version 0.27.1-33-g824d729ab1 (webtiles) character file.

Game seed: 11458874666190413757

58 SeanCanFly the Cudgeller (level 3, -5/33 HPs)
             Began as a Minotaur Monk on Nov 25, 2021.
             Killed from afar by a white imp (9 damage)
             ... with a puff of frost
             ... on level 3 of the Dungeon.
             The game lasted 00:03:21 (1967 turns).

SeanCanFly the Cudgeller (Minotaur Monk)            Turns: 1967, Time: 00:03:22

Health: -5/33      AC:  8    Str: 16    XL:     3   Next: 76%
Magic:  2/2        EV:  7    Int:  7    God:
Gold:   102        SH:  0    Dex: 12    Spells: 2/2 levels left

rFire    . . .     SeeInvis .   a - +0 mace
rCold    . . .     Faith    .   (no shield)
rNeg     . . .     Spirit   .   g - +0 chain mail
rPois    .         Reflect  .   (helmet restricted)
rElec    .         Harm     .   (no cloak)
rCorr    .         Rampage  .   (no gloves)
Will     +....                  (no boots)
Stlth    ..........             (no amulet)
HPRegen  0.11/turn              e - ring of willpower
MPRegen  0.08/turn              (no ring)

@: no status effects
A: horns 2, retaliatory headbutt
a: no special abilities


You were on level 3 of the Dungeon.
You visited 1 branch of the dungeon, and saw 3 of its levels.

You collected 102 gold pieces.

Inventory:

Hand Weapons
 a - a +0 mace (weapon)
Armour
 b - a +0 robe
 g - a +0 chain mail (worn)
Jewellery
 e - a ring of willpower (left hand)
Scrolls
 d - a scroll of fog {unknown}
 h - a scroll of identify {unknown}
Potions
 c - a potion of cancellation {unknown}
 f - a potion of lignification {unknown}
 i - a potion of degeneration {unknown}
 j - a potion of attraction {unknown}
 k - a potion of invisibility {unknown}


   Skills:
 + Level 4.2 Fighting
 * Level 4.8 Maces & Flails
 + Level 1.8 Armour
 - Level 3.2 Dodging
 - Level 1.5 Stealth


You had 2 spell levels left.
You didn't know any spells.
Your spell library was empty.

Dungeon Overview and Level Annotations

Branches:
Dungeon (3/15)

Altars:
Makhleb


Innate Abilities, Weirdness & Mutations

You have a pair of horns on your head.
You reflexively headbutt those who attack you in melee.


Message History

You open the gate.
There is an open translucent gate here.
A white imp and 2 simulacra come into view.
The white imp shouts, "Quit, thou cockered dread-bolted dewberry!"
A hound simulacrum comes into view.
The white imp gestures at you. The puff of frost hits you.
A scorpion simulacrum comes into view.
The adder simulacrum moves out of view.
You barely miss the adder simulacrum. You headbutt the adder simulacrum.
The adder simulacrum vaporises!
An adder simulacrum comes into view.
You barely miss the white imp. The white imp gestures at you.
The puff of frost hits you!
You barely miss the white imp. The white imp gestures at you.
The puff of frost hits you. The scorpion simulacrum hits you.
The scorpion simulacrum freezes you.
You hit the white imp. Your headbutt misses the white imp.
The white imp is lightly wounded.
The white imp hits you. The white imp freezes you.
The scorpion simulacrum hits you.
* * * LOW HITPOINT WARNING * * *
The scorpion simulacrum freezes you.
* * * LOW HITPOINT WARNING * * *
You hit the scorpion simulacrum. You headbutt the scorpion simulacrum!
The scorpion simulacrum vaporises!
The white imp hits you but does no damage. x2
You hit the adder simulacrum.
The adder simulacrum vaporises!
The white imp laughs crazily.
The white imp closely misses you.
The adder simulacrum bites you but does no damage.
You hit the adder simulacrum.
The adder simulacrum is heavily damaged.
You hear the slow rusting of a distant drain.
The white imp gestures at you. The puff of frost hits you!
You die...

..............#####.####....
..###'''###...# #..# #....
##.......##..# ##.# #....
#.........##.).. #.. #....
#..........#..### ##.##....
#...####....##.## #........
#..# ###...#..##.#..#.....
..# ##..#.....#........ ..
#@.#.).....#.#....
#5Z##..###...#..<.
#..Z.....# .....#......
.Z.......## ....#......
Z####..### ## #...... #. ###
##..... .. ..>### # ####


You could see a white imp and an adder simulacrum.

Vanquished Creatures
  A scorpion simulacrum (D:3)
  A worm (D:2)
  2 adder simulacra (D:3)
  2 ball pythons
  4 bats
  4 endoplasms
  3 giant cockroaches
  3 goblins
  6 hobgoblins
  A quokka (D:2)
  A frilled lizard (D:2)
  5 kobolds
  2 rats (D:2)
35 creatures vanquished.

Notes
Turn   | Place    | Note
-------+----------+-------------------------------------------
     0 | D:1      | SeanCanFly the Minotaur Monk began the quest for the Orb.
     0 | D:1      | Reached XP level 1. HP: 19/19 MP: 0/0
   335 | D:1      | Reached XP level 2. HP: 27/27 MP: 1/1
   555 | D:1      | Reached skill level 1 in Armour
  1240 | D:2      | Reached XP level 3. HP: 33/33 MP: 2/2
  1753 | D:2      | Found a burning altar of Makhleb.
  1938 | D:3      | Found a runed translucent gate.
  1939 | D:3      | Found a runed translucent gate.
  1940 | D:3      | Found a runed translucent gate.
  1967 | D:3      | Killed from afar by a white imp

Illustrated notes

Levels and vault maps discovered:
D:1:      psy_arrival_whirlpool, layout_basic
D:2:      layout_basic, basic_altar, serial_glass, glass_columns_c,
          glass_columns_c, due_unseen_surprise, minmay_strange_pillars,
          minmay_strange_pillars
D:3:      layout_basic, nicolae_qazlal_eye_of_the_storm,
          overflow_temple_1_default, gammafunk_ghost_icy,
          gup_sewer_entry_bubbles, serial_shops, nicolae_shop_trees,
          uniq_sigmund

Skill      XL: |  1  2 |
---------------+-------+-----
Maces & Flails | 4 |  4.8
Armour         | 1 |  1.8
Fighting       | 4 |  4.2
Dodging        | |  3.2
Stealth        | |  1.5

Action                   || total
-------------------------++-------
Melee: Mace              ||    91
       Headbutt          ||    14
 Stab: Sleeping          ||     4
Armor: Robe              ||    13
       Chain mail        ||    17
Dodge: Dodged            ||    47
